[Event "Titled Tuesday Blitz February 21 Late 2023"]
[White "Gholami Orimi, Mahdi"]
[Black "Babazada, Khazar"]
[WhiteFideId "12558486"]
[BlackFideId "13413554"]
[WhiteElo "2420"]
[BlackElo "2474"]
[Result "0-1"]
[Round "10"]
[TimeControl "180+2"]
[Date "2023.02.21"]
[WhiteClock "0:00:04"]
[BlackClock "0:00:08"]

1. e4 Nf6 2. e5 Nd5 3. d4 Nb6 4. c4 d6 5. exd6 cxd6 6. Nc3 g6 7. h3 Bg7 8. Nf3 O-O 9. Be2 Bf5 10. O-O Nc6 11. b3 d5 12. c5 Nc8 13. a3 e6 14. b4 a6 15. Be3 N8e7 16. Qb3 Be4 17. Rfd1 Nf5 18. b5 axb5 19. Nxb5 Na5 20. Qb4 Nc4 21. Bf4 Ne7 22. Nd6 Nc6 23. Qc3 Bxf3 24. Bxf3 N4a5 25. Rab1 Qf6 26. Be3 Qe7 27. Rb5 e5 28. dxe5 Nxe5 29. Bd4 Nac6 30. Bxd5 Nxd4 31. Rxd4 Nc6 32. Rxb7 Bxd4 33. Rxe7 Bxc3 34. Bxc6 Rxa3 35. Bd5 Bf6 36. Rd7 Ra1+ 37. Kh2 Be5+ 38. g3 Bxd6 39. Rxd6 Kg7 40. Rd7 Rd1 41. c6 Kf6 42. c7 Rc1 43. Bb7 h5 44. h4 Ke6 45. c8=Q Rcxc8 46. Bxc8 Rxc8 47. Ra7 Rc3 48. Kg2 Kf6 49. Ra6+ Kg7 50. Ra5 Rd3 51. Ra6 Rd4 52. Ra5 Kf8 53. Ra8+ Ke7 54. Ra7+ Rd7 55. Ra6 Rd6 56. Ra5 Ke6 57. Ra7 Rd7 58. Ra6+ Rd6 59. Ra5 Rd5 60. Ra8 f6 61. Ra6+ Kf5 62. Kf3 Rd3+ 63. Ke2 Rb3 64. Ra5+ Kg4 65. Ra4+ Kf5 66. Ra5+ Ke4 67. Ra6 Ke5 68. Rc6 Rb5 69. Kf3 g5 70. hxg5 fxg5 71. Rh6 Kf5 72. Rxh5 Kg6 73. Rh8 Rb3+ 74. Kg2 g4 75. Ra8 Rb1 76. Ra5 Rc1 77. Re5 Rb1 78. Re4 Kf5 79. Rf4+ Kg5 80. Ra4 Rc1 81. Ra8 Rb1 82. Rg8+ Kf5 83. Rf8+ Kg5 84. Rh8 Rc1 85. Rh1 Rc2 86. Re1 Ra2 87. Kf1 Kf5 88. Rc1 Rb2 89. Rc5+ Kg6 90. Rc4 Kg5 91. Rd4 Ra2 92. Ke1 Rb2 93. Rd2 Rb3 94. Ke2 Ra3 95. Rd3 Ra4 96. Ke3 Ra2 97. Rd5+ Kg6 98. Rd2 Ra3+ 99. Ke4 Ra4+ 100. Rd4 Ra2 101. Ke3 Kg5 102. Rd5+ Kg6 103. Rd2 Ra3+ 104. Ke4 Ra4+ 105. Ke5 Kg5 106. Ke6 Ra6+ 107. Rd6 Ra2 108. Rd5+ Kg6 109. Rd4 Kg5 110. Rf4 Re2+ 111. Kf7 Re1 112. Kg7 Re7+ 113. Kf8 Ra7 114. Kg8 Re7 115. Rb4 Re2 116. Rb5+ Kg6 117. Rb6+ Kg5 118. Rb5+ Kg6 119. Rb4 Re8# 0-1


[Site "https://www.chess.com"]

[Event "Titled Tuesday Blitz February 21 Late 2023"]
[White "Kobo, Ori"]
[Black "Makarian, Rudik"]
[WhiteFideId "2812320"]
[BlackFideId "44105681"]
[WhiteElo "2559"]
[BlackElo "2545"]
[Result "0-1"]
[Round "10"]
[TimeControl "180+2"]
[Date "2023.02.21"]
[WhiteClock "0:00:04"]
[BlackClock "0:00:25"]

1. b3 d5 2. Bb2 Bg4 3. f3 Bd7 4. e3 Nf6 5. f4 g6 6. Nf3 Bg7 7. c4 dxc4 8. Bxc4 O-O 9. O-O c5 10. Ne5 Nc6 11. Nc3 e6 12. Qf3 Rc8 13. Rad1 a6 14. Qh3 Qc7 15. Qh4 Ne7 16. g4 b5 17. Be2 Bc6 18. Bf3 Bxf3 19. Rxf3 h5 20. gxh5 Nf5 21. Qf2 b4 22. Ne2 Nxh5 23. Rh3 Rcd8 24. Ng3 Nf6 25. Qe2 Qb7 26. Rc1 Qd5 27. e4 Qxd2 28. exf5 exf5 29. Qxd2 Rxd2 30. Ba1 Rxa2 31. Nf1 Nd5 32. Rf3 Re8 33. Rxc5 Nxf4 34. Rxf4 Rxa1 35. Nf3 a5 36. Kg2 Re2+ 37. Kg1 Bf6 38. Rfc4 Rb2 39. Rc2 Rxb3 40. Kg2 Rxf3 41. Kxf3 Rxf1+ 42. Kg2 Ra1 43. Rc6 Kg7 44. Ra6 b3 45. Rc5 b2 0-1


[Site "https://www.chess.com"]

[Event "Titled Tuesday Blitz February 21 Late 2023"]
[White "Pichot, Alan"]
[Black "Kamsky, Gata"]
[WhiteFideId "110973"]
[BlackFideId "2000024"]
[WhiteElo "2638"]
[BlackElo "2665"]
[Result "0-1"]
[Round "10"]
[TimeControl "180+2"]
[Date "2023.02.21"]
[WhiteClock "0:00:09"]
[BlackClock "0:00:06"]

1. e4 e5 2. Nf3 Nc6 3. Bb5 a6 4. Ba4 Nf6 5. d3 d6 6. c3 g6 7. O-O Bg7 8. Re1 O-O 9. Nbd2 b5 10. Bc2 Bb7 11. a4 Re8 12. Nf1 Nb8 13. Bg5 h6 14. Bh4 Nbd7 15. Ne3 Qb8 16. b4 c5 17. Bb3 Qc7 18. h3 Nb6 19. Bxf6 Bxf6 20. a5 Nd7 21. Bd5 Bg7 22. Qb3 Nf6 23. Rac1 Rac8 24. c4 Nxd5 25. cxd5 Qd8 26. Rc2 h5 27. Rec1 Bf8 28. Qb2 Qf6 29. Nd2 Rc7 30. Nb3 Rec8 31. Rc3 Qd8 32. Qc2 Qe7 33. g3 Ba8 34. h4 Bb7 35. Qe2 Qf6 36. R1c2 Be7 37. Qd1 Qg7 38. Qc1 Qf8 39. Kh2 Ba8 40. Nf1 f5 41. Nfd2 Bb7 42. Nf3 fxe4 43. dxe4 c4 44. Nbd2 Bf6 45. Nf1 Rf7 46. Kg1 Qe7 47. Qh6 Rg7 48. Ne1 Rf8 49. Rf3 Bc8 50. Nh2 Bd7 51. Ng2 Be8 52. Qe3 g5 53. hxg5 Bxg5 54. Rxf8+ Qxf8 55. Qb6 Bg6 56. f3 Rf7 57. Rf2 c3 58. Qc6 Bxe4 59. Qxc3 Bxd5 60. f4 exf4 61. gxf4 Bf6 62. Qd3 Bb7 63. Nf3 Rg7 64. Kh2 Qf7 65. Re2 Qg6 66. Qxg6 Rxg6 67. Ngh4 Bxh4 68. Nxh4 Rg4 69. Kh3 Rxf4 70. Re8+ Kf7 71. Rb8 Bc6 72. Rb6 Bd7+ 73. Kg3 Rg4+ 74. Kh3 Rxb4+ 75. Kg3 Rg4+ 76. Kh3 Ra4+ 77. Kg3 Rxa5 78. Nf3 Ra3 79. Kf4 Ke7 80. Nd4 Ra4 81. Ke4 a5 82. Rb8 Rc4 83. Kd5 Rc5+ 84. Ke4 Re5+ 85. Kf4 b4 86. Ra8 Rc5 87. Rh8 a4 88. Rb8 b3 89. Ke4 Re5+ 90. Kd3 h4 91. Nf3 Rh5 92. Rg8 h3 93. Rg7+ Kd8 94. Rg8+ Kc7 95. Rh8 Rxh8 0-1


[Site "https://www.chess.com"]

[Event "Titled Tuesday Blitz February 21 Late 2023"]
[White "Naroditsky, Daniel"]
[Black "Vasquez Schroeder, Rodrigo"]
[WhiteFideId "2026961"]
[BlackFideId "3400042"]
[WhiteElo "2618"]
[BlackElo "2524"]
[Result "1-0"]
[Round "10"]
[TimeControl "180+2"]
[Date "2023.02.21"]
[WhiteClock "0:00:02"]
[BlackClock "0:00:15"]

1. e4 c6 2. d4 d5 3. f3 Qb6 4. Nc3 e6 5. Nge2 Nf6 6. e5 Nfd7 7. f4 c5 8. Be3 Nc6 9. Qd2 c4 10. Rb1 Qa5 11. g3 b5 12. a3 a6 13. Bg2 g6 14. g4 Ne7 15. O-O Bb7 16. Ng3 h5 17. f5 gxf5 18. gxf5 h4 19. fxe6 fxe6 20. Nce4 Qxd2 21. Nd6+ Kd8 22. Bxd2 Kc7 23. Ne2 Nc6 24. Rf7 Bxd6 25. exd6+ Kxd6 26. Bf4+ e5 27. dxe5+ Ke6 28. Rg7 h3 29. Bf3 Ncxe5 30. Bxe5 Nxe5 31. Nd4+ Kd6 32. Rxb7 Raf8 33. Rf1 Rhg8+ 34. Kh1 Kc5 35. Ne6+ Kc6 36. Nxf8 Nxf3 37. Rf7 Nd2 38. R7f6+ Kc5 39. c3 Nxf1 40. Nd7# 1-0


[Site "https://www.chess.com"]

[Event "Titled Tuesday Blitz February 21 Late 2023"]
[White "Rasulov, Vugar"]
[Black "Bortnyk, Olexandr"]
[WhiteFideId "13402390"]
[BlackFideId "14120828"]
[WhiteElo "2523"]
[BlackElo "2605"]
[Result "0-1"]
[Round "10"]
[TimeControl "180+2"]
[Date "2023.02.21"]
[WhiteClock "0:00:21"]
[BlackClock "0:01:00"]

1. d4 d6 2. Nf3 Nf6 3. c4 g6 4. Nc3 Bg7 5. e4 O-O 6. Be2 Nbd7 7. O-O e5 8. d5 Nc5 9. Qc2 a5 10. Be3 Ng4 11. Bxc5 dxc5 12. Rad1 f5 13. h3 Nh6 14. d6 cxd6 15. Nb5 Nf7 16. Qd3 Ra6 17. Nd2 Ng5 18. exf5 gxf5 19. Nb1 Ne6 20. Qd5 Qf6 21. N1c3 Kh8 22. Nxd6 Rd8 23. Ncb5 Bf8 24. Nxc8 Rxd5 25. cxd5 Nf4 26. Bc4 Qg5 27. g3 Nxh3+ 28. Kg2 Nf4+ 29. Kg1 Rh6 30. d6 Qh5 0-1


[Site "https://www.chess.com"]

[Event "Titled Tuesday Blitz February 21 Late 2023"]
[White "Martinez Alcantara, Jose Eduardo"]
[Black "Swiercz, Dariusz"]
[WhiteFideId "3805662"]
[BlackFideId "1126881"]
[WhiteElo "2619"]
[BlackElo "2637"]
[Result "1-0"]
[Round "10"]
[TimeControl "180+2"]
[Date "2023.02.21"]
[WhiteClock "0:00:49"]
[BlackClock "0:00:09"]

1. e4 c5 2. Nf3 Nc6 3. Nc3 e5 4. Bc4 Be7 5. d3 d6 6. Nd5 Nf6 7. c3 O-O 8. O-O Be6 9. Nxf6+ Bxf6 10. Bxe6 fxe6 11. b4 b6 12. Rb1 Qd7 13. Be3 Rac8 14. a3 Ne7 15. d4 exd4 16. cxd4 cxd4 17. Bxd4 Bxd4 18. Nxd4 Nc6 19. Nf3 b5 20. Qd3 a6 21. Rfd1 Rfd8 22. h3 h6 23. Rbc1 Qe7 24. Rc3 Ne5 25. Nxe5 dxe5 26. Rxc8 Rxc8 27. Qd6 Qxd6 28. Rxd6 Kf7 29. Rxa6 Rc3 30. h4 h5 31. f3 Rb3 32. Kf2 Kf6 33. Ra5 Rb2+ 34. Kg3 Rb3 35. Kh3 Rb2 36. Rxb5 Rb3 37. Ra5 g5 38. hxg5+ Kxg5 39. Rxe5+ Kg6 40. Rxe6+ Kg5 41. Re5+ Kf4 42. Rf5+ Ke3 43. Rxh5 Kf2 44. e5 Rxa3 45. e6 Re3 46. Rh6 Re1 47. Kg4 Kxg2 48. f4 Kf2 49. f5 Ke3 50. Kg5 Kd4 51. Kf6 Rh1 52. Rxh1 1-0


[Site "https://www.chess.com"]

[Event "Titled Tuesday Blitz February 21 Late 2023"]
[White "Samsonkin, Artiom"]
[Black "Bortnyk, Mykola"]
[WhiteFideId "13503111"]
[BlackFideId "14120836"]
[WhiteElo "2420"]
[BlackElo "2425"]
[Result "1-0"]
[Round "10"]
[TimeControl "180+2"]
[Date "2023.02.21"]
[WhiteClock "0:00:07"]
[BlackClock "0:00:06"]

1. e4 Nf6 2. Nc3 d5 3. e5 Nfd7 4. d4 c5 5. dxc5 e6 6. Nf3 Nc6 7. Bf4 Be7 8. Qd2 Nxc5 9. Bd3 a6 10. a3 b5 11. O-O Bb7 12. b4 Nxd3 13. cxd3 a5 14. Nxb5 axb4 15. axb4 Bxb4 16. Rxa8 Bxa8 17. Qb2 O-O 18. Ra1 Qb6 19. Nd6 Rb8 20. Ng5 Nd8 21. Be3 Qc7 22. Nb5 Rxb5 23. Rxa8 h6 24. Nf3 Kh7 25. h4 Nc6 26. d4 Ne7 27. Qb1+ g6 28. h5 Nf5 29. hxg6+ fxg6 30. Bd2 Qb7 31. Qa2 Be7 32. Ra7 Rb1+ 33. Kh2 Qb5 34. Nh4 Rb2 35. Qa3 Rb3 36. Rxe7+ Ng7 37. Rxg7+ Kxg7 38. Qe7+ Kg8 39. Qxe6+ Kg7 40. Qf6+ Kg8 41. Qxg6+ Kf8 42. Bxh6+ Ke7 43. Bg5+ Kd7 44. Qd6+ Kc8 45. e6 Qe8 46. e7 Kb7 47. Qxd5+ Kc7 48. Qxb3 Kd7 49. Qd5+ Kc7 50. Qd8+ 1-0


[Site "https://www.chess.com"]

[Event "Titled Tuesday Blitz February 21 Late 2023"]
[White "Anton Guijarro, David"]
[Black "Bryakin, Mikhail"]
[WhiteFideId "2285525"]
[BlackFideId "4165314"]
[WhiteElo "2690"]
[BlackElo "2455"]
[Result "1-0"]
[Round "10"]
[TimeControl "180+2"]
[Date "2023.02.21"]
[WhiteClock "0:00:19"]
[BlackClock "0:00:18"]

1. Nf3 Nf6 2. b3 c5 3. Bb2 b6 4. g3 Bb7 5. Bg2 g6 6. c4 Bg7 7. O-O O-O 8. d4 cxd4 9. Qxd4 Nc6 10. Qc3 Rc8 11. Rd1 Qc7 12. Qe1 Rfd8 13. Nc3 Qb8 14. e4 d6 15. Rac1 e6 16. Qe2 Ne8 17. Qe3 Rd7 18. Rd2 Rcd8 19. Rcd1 Ne5 20. Nxe5 Bxe5 21. Ba3 Bc6 22. Bb2 a6 23. a4 b5 24. cxb5 axb5 25. axb5 Bxb5 26. Nxb5 Bxb2 27. Rxb2 Qxb5 28. b4 Rb8 29. Bf1 Qb6 30. Qf4 Rc7 31. b5 Rc5 32. Ra2 Qc7 33. Rda1 Qe7 34. Ra8 Rcc8 35. Rxb8 Rxb8 36. Ra6 Qc7 37. h4 Qc5 38. g4 h5 39. Rc6 Qe5 40. Qxe5 dxe5 41. gxh5 gxh5 42. b6 Nf6 43. Ba6 Kf8 44. Rc8+ Rxc8 45. Bxc8 Ke7 46. b7 Nd7 47. Bxd7 Kxd7 1-0


[Site "https://www.chess.com"]

[Event "Titled Tuesday Blitz February 21 Late 2023"]
[White "Indjic, Aleksandar"]
[Black "EREBUNI91"]
[WhiteFideId "911925"]
[WhiteElo "2618"]
[BlackElo "2753"]
[Result "0-1"]
[Round "10"]
[TimeControl "180+2"]
[Date "2023.02.21"]
[WhiteClock "0:00:46"]
[BlackClock "0:00:35"]

1. d4 Nf6 2. c4 e6 3. Nc3 Bb4 4. f3 d5 5. a3 Bxc3+ 6. bxc3 c5 7. cxd5 Nxd5 8. dxc5 Qa5 9. e4 Nf6 10. Be3 O-O 11. Qb3 Qc7 12. Bb5 Nfd7 13. Qb4 Nc6 14. Bxc6 bxc6 15. Nh3 Ba6 16. c4 Ne5 17. O-O Nxc4 18. Bd4 Rab8 19. Qc3 e5 20. Bf2 Rfd8 21. Rfd1 h6 22. Bh4 f6 23. Nf2 Qa5 24. Rxd8+ Rxd8 25. Qb4 Rd2 26. Bg3 Kh7 27. f4 Qd8 28. Qc3 Qd4 29. Rc1 Rd1+ 30. Rxd1 Qxc3 0-1


[Site "https://www.chess.com"]

[Event "Titled Tuesday Blitz February 21 Late 2023"]
[White "Chigaev, Maksim"]
[Black "Dourerassou, Jonathan"]
[WhiteFideId "4108116"]
[BlackFideId "628050"]
[WhiteElo "2628"]
[BlackElo "2414"]
[Result "1-0"]
[Round "10"]
[TimeControl "180+2"]
[Date "2023.02.21"]
[WhiteClock "0:00:40"]
[BlackClock "0:00:08"]

1. Nf3 Nf6 2. c4 g6 3. b3 Bg7 4. Bb2 O-O 5. g3 c6 6. Bg2 d5 7. O-O Na6 8. d3 Re8 9. Nbd2 Bf5 10. Qc2 Rc8 11. Rad1 Qa5 12. a3 dxc4 13. Nxc4 Qc7 14. h3 Red8 15. b4 Qd7 16. Nce5 Qe8 17. Ng5 Be6 18. Nxe6 fxe6 19. Nc4 b6 20. Qb3 Nc7 21. Ne5 Ncd5 22. Rc1 Rd6 23. e4 Nc7 24. a4 Nd7 25. Nc4 Bxb2 26. Nxd6 exd6 27. Qxb2 c5 28. d4 e5 29. dxc5 dxc5 30. bxc5 Nxc5 31. a5 Qe6 32. axb6 axb6 33. Rfd1 Rf8 34. Qd2 Qf6 35. Qe2 N7e6 36. Qa2 Kh8 37. Rd6 Qe7 38. Rxb6 Nd3 39. Rxe6 Qf7 40. Rf1 Nc5 41. Ra6 Nxa6 42. Qxa6 1-0


[Site "https://www.chess.com"]

[Event "Titled Tuesday Blitz February 21 Late 2023"]
[White "Rorrer, Grayson"]
[Black "Sarana, Alexey"]
[WhiteFideId "30944996"]
[BlackFideId "24133795"]
[WhiteElo "2263"]
[BlackElo "2685"]
[Result "1-0"]
[Round "10"]
[TimeControl "180+2"]
[Date "2023.02.21"]
[WhiteClock "0:00:50"]
[BlackClock "0:01:00"]

1. e4 c5 2. Nf3 d6 3. d4 cxd4 4. Nxd4 Nf6 5. Nc3 a6 6. Nb3 g6 7. Be2 Bg7 8. Be3 b5 9. e5 dxe5 10. Bf3 Qxd1+ 11. Rxd1 b4 12. Nd5 Nxd5 13. Bxd5 Bf5 14. Bxa8 Bxc2 15. Rc1 Bf5 16. Ke2 O-O 17. Rhd1 Nd7 18. Bb7 Nf6 19. Bxa6 Ng4 20. Bc5 Nxh2 21. f3 e4 22. Bxe7 exf3+ 23. gxf3 Re8 24. Rd8 Rxd8 25. Bxd8 Bxb2 26. Rc4 Bh3 27. Nd2 Be5 28. Bc8 Bg2 29. Kf2 Bh1 30. Bc7 Bc3 31. Bxh2 Bxd2 32. Be5 h5 33. Bb7 Kh7 34. Kg1 Bxf3 35. Bxf3 1-0


[Site "https://www.chess.com"]

[Event "Titled Tuesday Blitz February 21 Late 2023"]
[White "Bjelobrk, Igor"]
[Black "Deac, Bogdan-Daniel"]
[WhiteFideId "4300726"]
[BlackFideId "1226380"]
[WhiteElo "2403"]
[BlackElo "2700"]
[Result "0-1"]
[Round "10"]
[TimeControl "180+2"]
[Date "2023.02.21"]
[WhiteClock "0:00:01"]
[BlackClock "0:00:11"]

1. d4 Nf6 2. c4 e6 3. g3 c5 4. d5 exd5 5. cxd5 d6 6. Nc3 g6 7. Bg2 Bg7 8. Nf3 O-O 9. O-O Re8 10. Nd2 b6 11. a4 Nbd7 12. h3 a6 13. Nc4 Ne5 14. Nxe5 Rxe5 15. e4 Re8 16. Bg5 Rb8 17. Qd2 b5 18. axb5 axb5 19. Rfe1 b4 20. Nd1 h6 21. Bxh6 Bxh6 22. Qxh6 Nxd5 23. Ne3 Nf6 24. Nc4 Be6 25. Ne3 Nh7 26. Rad1 Qf6 27. Re2 Bb3 28. Rdd2 Rbd8 29. Ng4 Qg7 30. Qf4 Bc4 31. Re3 Be6 32. Red3 c4 33. Rxd6 Rxd6 34. Qxd6 c3 35. bxc3 Qxc3 36. Ne3 b3 37. Rd1 b2 38. Qb6 Ra8 39. Bf1 Kg7 40. Rd4 Rb8 41. Qxb8 Qxd4 42. Nc2 Qc3 43. Ne3 Qc1 44. Qe5+ Kg8 45. Qb8+ Nf8 0-1


[Site "https://www.chess.com"]

[Event "Titled Tuesday Blitz February 21 Late 2023"]
[White "Timmermans, Mark"]
[Black "Ibarra Jerez, Jose Carlos"]
[WhiteFideId "1026399"]
[BlackFideId "2226332"]
[WhiteElo "2392"]
[BlackElo "2563"]
[Result "1-0"]
[Round "10"]
[TimeControl "180+2"]
[Date "2023.02.21"]
[WhiteClock "0:00:14"]
[BlackClock "0:00:03"]

1. e4 c5 2. Nf3 Nc6 3. d4 cxd4 4. Nxd4 Nf6 5. Nc3 e6 6. Ndb5 Bc5 7. Bf4 O-O 8. Bc7 Qe7 9. Bd6 Bxd6 10. Qxd6 Qd8 11. O-O-O a6 12. Nd4 Ne7 13. h4 b5 14. h5 h6 15. g4 Bb7 16. f3 Rc8 17. g5 hxg5 18. h6 Ng6 19. Qg3 Qc7 20. Qxg5 Qf4+ 21. Qxf4 Nxf4 22. hxg7 Kxg7 23. Bd3 Rg8 24. e5 N6d5 25. Ne4 Nb4 26. Kb1 Bxe4 27. Bxe4 Nbd5 28. Bxd5 Nxd5 29. Nf5+ Kf8 30. Nd6 Rd8 31. Rh7 Rg7 32. Rh8+ Ke7 33. Nc8+ Rxc8 34. Rxc8 Rg5 35. Re1 Rf5 36. a4 bxa4 37. Ra8 a3 38. Rxa6 axb2 39. c4 Nb4 40. Ra3 Rf4 41. Re4 Rxe4 42. fxe4 Nc6 43. Kxb2 Nxe5 44. Kc3 Kd6 45. Ra6+ Nc6 46. Kd3 Ke5 47. Rb6 Kf4 48. Rb7 Ne5+ 49. Kd4 f6 50. Rc7 Nf3+ 51. Kd3 Ne5+ 52. Kd4 Nf3+ 53. Kd3 Kg3 54. Ke3 Ne5 55. c5 Kg4 56. c6 dxc6 57. Re7 Nc4+ 58. Kd4 Nd6 59. Rxe6 Nb5+ 60. Ke3 Kg5 61. Rxc6 Na7 62. Rc5+ Kg6 63. Kd4 Kh6 64. Kc4 Kg6 65. Kb4 Kh6 66. Ka5 Kg6 67. Kb6 1-0


[Site "https://www.chess.com"]

[Event "Titled Tuesday Blitz February 21 Late 2023"]
[White "Averjanov, Alexey"]
[Black "KhalilMousavi98"]
[WhiteFideId "14109867"]
[WhiteElo "2399"]
[BlackElo "2871"]
[Result "1/2-1/2"]
[Round "10"]
[TimeControl "180+2"]
[Date "2023.02.21"]
[WhiteClock "0:00:12"]
[BlackClock "0:00:04"]

1. d4 d5 2. c4 e6 3. Nf3 Nf6 4. e3 c5 5. dxc5 Bxc5 6. a3 a6 7. b4 Bd6 8. Bb2 O-O 9. Nbd2 Nc6 10. Rc1 Qe7 11. Be2 Rd8 12. O-O dxc4 13. Bxc4 b5 14. Be2 Bb7 15. Qb3 a5 16. Bxb5 Na7 17. Be2 axb4 18. axb4 Bxb4 19. Rfd1 Rab8 20. Qa4 Ba8 21. Be5 Rbc8 22. Nf1 Bc6 23. Qb3 Bd5 24. Qa4 Ne4 25. Ng3 Nc3 26. Bxc3 Bxc3 27. e4 Bc6 28. Rxd8+ Rxd8 29. Qa6 Bb4 30. Rxc6 Nxc6 31. Qxc6 Bc5 32. Nf1 Qa7 33. Kh1 Bxf2 34. Qa6 Qc5 35. Qc4 Qe7 36. g3 h6 37. Kg2 Ba7 38. N1d2 Qd6 39. Qb5 Rb8 40. Nc4 Qc7 41. Qa5 Qxa5 42. Nxa5 Rb2 43. Kf1 Rb4 44. Nc6 Ra4 45. Nxa7 Rxa7 46. e5 Ra5 47. h4 f6 48. exf6 gxf6 49. Kf2 f5 50. Ke3 Kg7 51. Bc4 Kf6 52. Bd3 e5 53. Be2 Ra3+ 54. Kf2 e4 55. Ne1 Ra2 56. Ng2 Ke5 57. Ke3 Ra3+ 58. Kf2 Kd4 59. Nf4 Ra2 60. Ne6+ Ke5 61. Nf4 Rb2 62. Ke3 Rb3+ 63. Kf2 Kd4 64. Ne6+ Ke5 65. Nf4 Ra3 66. Ng6+ Kd4 67. Nf4 Ra1 68. Ne6+ Ke5 69. Nf4 Rh1 70. Kg2 Rc1 71. Kf2 Rc3 72. Ng6+ Kd4 73. Nf4 Rb3 74. Ne6+ Kc3 75. Ke3 Kc2+ 76. Kf4 Kd2 77. Bh5 e3 78. Kxf5 Rb5+ 79. Kg6 Rb6 80. Kf6 e2 81. Bxe2 Kxe2 82. g4 Kf3 83. g5 hxg5 84. hxg5 Kg4 85. g6 Rb7 86. g7 Rxg7 87. Nxg7 1/2-1/2


[Site "https://www.chess.com"]

[Event "Titled Tuesday Blitz February 21 Late 2023"]
[White "Risteski, Emil"]
[Black "Bernadskiy, Vitaliy"]
[WhiteFideId "15005267"]
[BlackFideId "14100371"]
[WhiteElo "2366"]
[BlackElo "2592"]
[Result "1/2-1/2"]
[Round "10"]
[TimeControl "180+2"]
[Date "2023.02.21"]
[WhiteClock "0:00:08"]
[BlackClock "0:00:06"]

1. d4 d5 2. c4 e5 3. dxe5 d4 4. a3 Nc6 5. e3 Bf5 6. Nf3 dxe3 7. Qxd8+ Rxd8 8. Bxe3 Nge7 9. Nc3 Ng6 10. Be2 Ngxe5 11. O-O Bd6 12. Nb5 O-O 13. Nxd6 cxd6 14. Rfd1 Rfe8 15. b4 Ng4 16. Bd3 Nxe3 17. fxe3 Bg4 18. Kf2 Re7 19. h3 Bxf3 20. gxf3 Ne5 21. Be2 Kf8 22. Rd4 Nc6 23. Rd2 Re6 24. Rad1 Ke7 25. f4 Rh6 26. Kg3 Rc8 27. Bf3 Nd8 28. c5 dxc5 29. Rd7+ Ke8 30. bxc5 Rb8 31. Rc7 Re6 32. Kf2 Re7 33. Rxe7+ Kxe7 34. Rb1 Kd7 35. Bd5 Kc7 36. f5 f6 37. Rg1 Rc8 38. Rxg7+ Kb8 39. Rxh7 Rxc5 40. e4 Rc2+ 41. Kg3 Rc3+ 42. Kg4 Rxa3 43. h4 a5 44. h5 a4 45. h6 Ra1 46. Kh5 Rg1 47. Rh8 Kc7 48. h7 b5 49. Rxd8 Rh1+ 50. Kg6 Kxd8 51. Kg7 Ke7 52. h8=Q Rg1+ 53. Kh7 Rh1+ 54. Kg8 Rxh8+ 55. Kxh8 Kd6 56. Kg7 Ke5 57. Kg6 b4 58. Kg7 b3 59. Kg6 Kd4 60. Kxf6 Kc3 61. Ke7 a3 62. f6 a2 63. Bxb3 a1=Q 64. f7 Qa3+ 65. Ke8 Qa8+ 66. Ke7 Qxe4+ 67. Be6 Qb7+ 68. Ke8 Qb8+ 69. Ke7 Qc7+ 70. Ke8 Qc6+ 71. Ke7 Qc7+ 72. Ke8 Qb8+ 73. Ke7 Qb4+ 74. Ke8 Qd6 75. f8=Q Qxe6+ 76. Qe7 Qc6+ 77. Qd7 Qxd7+ 78. Kxd7 1/2-1/2


[Site "https://www.chess.com"]

[Event "Titled Tuesday Blitz February 21 Late 2023"]
[White "Kanakaris, Georgios"]
[Black "Rustemov, Alexander"]
[WhiteFideId "4209460"]
[BlackFideId "4119002"]
[WhiteElo "2391"]
[BlackElo "2525"]
[Result "1/2-1/2"]
[Round "10"]
[TimeControl "180+2"]
[Date "2023.02.21"]
[WhiteClock "0:00:05"]
[BlackClock "0:00:04"]

1. d4 g6 2. g3 Bg7 3. Bg2 c5 4. d5 d6 5. e4 b5 6. Nf3 Nf6 7. Nbd2 O-O 8. O-O Nbd7 9. Re1 Bb7 10. a4 a6 11. Bf1 Qb6 12. a5 Qc7 13. c4 b4 14. Ra2 e6 15. b3 Rfe8 16. Bb2 exd5 17. cxd5 Re7 18. Bd3 Rae8 19. Ba1 Bc8 20. Kg2 h5 21. h3 Bb7 22. Kg1 Bc8 23. Kg2 Nf8 24. Re2 N8h7 25. Qe1 Qd7 26. Ng1 Ng5 27. h4 Ngh7 28. Nc4 Bb7 29. Nb6 Qc7 30. Nf3 Nf8 31. Ng5 N8d7 32. Nc4 Ng4 33. Bxg7 Kxg7 34. Qa1+ Kg8 35. f3 Nge5 36. Qd1 Nxc4 37. Bxc4 Ne5 38. Re1 Bc8 39. Qa1 Qd7 40. Rae2 Qc7 41. f4 Nxc4 42. bxc4 Bg4 43. Re3 f6 44. Nf3 Bxf3+ 45. Kxf3 Kg7 46. Kg2 Qd7 47. R3e2 Qg4 48. Re3 Kf7 49. R3e2 Kg7 50. Re3 Rb8 51. Qb2 Rf8 52. R3e2 Rfe8 53. Re3 Qd7 54. R3e2 Qc7 55. Qa1 Qd7 56. e5 fxe5 57. fxe5 Rxe5 58. Rxe5 dxe5 59. Rxe5 Rxe5 60. Qxe5+ Kf7 61. Qf4+ Qf5 62. Qc7+ Kf6 63. Qxc5 Qe4+ 64. Kf2 Qc2+ 65. Kf3 Qd3+ 66. Kf2 Qc2+ 67. Kf3 Qd1+ 68. Kf2 Qd2+ 69. Kf3 Qd1+ 70. Kf2 b3 71. Qb6+ Ke5 72. Qe3+ Kd6 73. Qb6+ Ke5 74. Qe3+ Kd6 75. Qb6+ Ke5 1/2-1/2


[Site "https://www.chess.com"]

[Event "Titled Tuesday Blitz February 21 Late 2023"]
[White "Bikuzhin, Maksim"]
[Black "Zhurbinsky, David"]
[WhiteFideId "24128015"]
[BlackFideId "2072904"]
[WhiteElo "2279"]
[BlackElo "2045"]
[Result "1-0"]
[Round "10"]
[TimeControl "180+2"]
[Date "2023.02.21"]
[WhiteClock "0:00:23"]
[BlackClock "0:00:01"]

1. e4 e5 2. Nf3 Nc6 3. Bc4 Bc5 4. c3 Nf6 5. d4 exd4 6. O-O Nxe4 7. cxd4 d5 8. dxc5 dxc4 9. Qe2 Qd3 10. Re1 f5 11. Nc3 O-O 12. Nxe4 fxe4 13. Qxe4 Bf5 14. Qh4 Rae8 15. Bf4 Be4 16. Red1 Qc2 17. Rd2 Qa4 18. Ne1 Qb4 19. Be3 Bg6 20. Qg3 Ne5 21. h3 Nd3 22. a3 Qb3 23. Nxd3 cxd3 24. Qxc7 Qd5 25. b4 Be4 26. Qh2 Re6 27. Kh1 Rg6 28. Rg1 Qh5 29. b5 h6 30. Rb2 Kh7 31. Rb4 Bd5 32. Rd4 Rf3 33. Rxd5 Qxd5 34. gxf3 Qxf3+ 35. Rg2 d2 36. Bxd2 Rxg2 37. Qxg2 Qd1+ 38. Kh2 Qxd2 39. Qe4+ Kh8 40. Qe8+ Kh7 41. Qe3 Qc2 42. Qd4 Qf5 43. a4 Qg6 44. Qc4 a6 45. c6 1-0


[Site "https://www.chess.com"]

[Event "Titled Tuesday Blitz February 21 Late 2023"]
[White "Urazayev, Arystanbek"]
[Black "Martynov, Pavel"]
[WhiteFideId "13709810"]
[BlackFideId "4101260"]
[WhiteElo "2460"]
[BlackElo "2414"]
[Result "1-0"]
[Round "10"]
[TimeControl "180+2"]
[Date "2023.02.21"]
[WhiteClock "0:00:17"]
[BlackClock "0:00:19"]

1. d4 d5 2. c4 e6 3. Nf3 c5 4. cxd5 exd5 5. Bg5 Be7 6. Bxe7 Nxe7 7. Nc3 Nbc6 8. e3 c4 9. Be2 O-O 10. O-O Rb8 11. a4 Na5 12. e4 a6 13. Qd2 Nb3 14. Qf4 Be6 15. Rad1 b5 16. axb5 axb5 17. Ng5 Ng6 18. Qg3 b4 19. exd5 bxc3 20. dxe6 c2 21. exf7+ Kh8 22. Rde1 Nd2 23. Ne6 Qf6 24. Nxf8 Rxf8 25. Qc3 Nxf1 26. Bxf1 Rxf7 27. Qxc2 Qxd4 28. Bxc4 Rf8 29. Bf1 Nf4 30. g3 Ng6 31. Bg2 Rb8 32. Qc3 Qb6 33. b4 h6 34. Rb1 Ne7 35. b5 Nf5 36. Qc6 Qxc6 37. Bxc6 Nd4 38. Rd1 Nxc6 39. bxc6 Rc8 40. Rc1 Kg8 41. Kg2 Kf7 42. Kf3 Ke6 43. c7 Kd5 44. Kf4 Kd6 45. Kf5 Rf8+ 46. Kg6 1-0


[Site "https://www.chess.com"]

[Event "Titled Tuesday Blitz February 21 Late 2023"]
[White "Goroshkov, Maksym"]
[Black "Yuan, Qingyu"]
[WhiteFideId "14142716"]
[BlackFideId "8609772"]
[WhiteElo "2287"]
[BlackElo "2373"]
[Result "1-0"]
[Round "10"]
[TimeControl "180+2"]
[Date "2023.02.21"]
[WhiteClock "0:00:11"]
[BlackClock "0:00:12"]

1. e4 e5 2. d4 exd4 3. c3 Qe7 4. Bd3 d5 5. e5 Qxe5+ 6. Ne2 dxc3 7. Nxc3 Bb4 8. O-O Nf6 9. Bf4 Qe7 10. Nb5 Na6 11. Bxc7 O-O 12. Rc1 Nxc7 13. Rxc7 Qe5 14. a3 Ba5 15. Rc2 a6 16. Nbd4 Bg4 17. h3 Bh5 18. g4 Bg6 19. Nf5 Bxf5 20. Bxf5 g6 21. Bd3 Ne4 22. Bxe4 dxe4 23. Qd4 Qe7 24. Ng3 Rfe8 25. Re2 Rad8 26. Qa4 Bc7 27. Nxe4 Kg7 28. Ng3 Qf8 29. Rxe8 Qxe8 30. Qb3 Qc6 31. Re1 Bxg3 32. Qxg3 Qf6 33. b4 Rd2 34. Re3 Qd4 35. Qe5+ Qxe5 36. Rxe5 Rd3 37. Re7 b5 38. Ra7 Rxa3 39. Kg2 h6 40. f4 Kf6 41. h4 Ra4 42. Kf3 Ra3+ 43. Ke4 h5 44. g5+ Kg7 45. f5 gxf5+ 46. Kxf5 Ra4 47. g6 Rxb4 48. Rxf7+ Kg8 49. Ra7 Rb1 50. Kf6 Rf1+ 51. Kg5 b4 52. Rxa6 b3 53. Rb6 Rf3 54. Kh6 Kf8 55. g7+ Kf7 56. Kh7 Rg3 57. Rb7+ Kf6 58. g8=Q Rxg8 59. Kxg8 Kf5 60. Rxb3 Kg4 61. Rb4+ Kg3 62. Kg7 Kh3 63. Kg6 Kg3 64. Kxh5 Kf3 65. Kg5 Ke3 66. h5 Kd3 67. Rg4 Kc3 68. h6 1-0


[Site "https://www.chess.com"]